 Dungeon Crawl Stone Soup version 0.28.0-53-g5a82cb258f (webtiles) character file.

Game seed: 3223105413299659549

13105 MiltankisOP the Severer (level 12, -1/85 (100) HPs)
             Began as a Hill Orc Fighter on June 18, 2022.
             Was a High Priest of Beogh.
             Slain by a spectral orc knight
             ... wielding a +3 battleaxe
             ... summoned by Nergalle
              (3 damage)
             ... on level 1 of the Lair of Beasts on June 19, 2022.
             The game lasted 00:36:06 (14143 turns).

MiltankisOP the Severer (Hill Orc Fighter)         Turns: 14143, Time: 00:36:06

HP:   -1/85 (100)   AC: 16    Str: 22    XL:     12   Next: 2%
MP:   19/19         EV:  9    Int: 10    God:    Beogh [*****.]
Gold: 705           SH:  4    Dex: 10    Spells: 11/11 levels left

rFire   + . .      SeeInvis .   O - +2 war axe (elec)
rCold   + + .      Faith    .   c - +0 buckler
rNeg    . . .      Spirit   .   z - +2 chain mail {rC+}
rPois   +          Reflect  .   m - +0 helmet
rElec   .          Harm     .   (no cloak)
rCorr   .          Rampage  .   i - +1 pair of gloves
Will    .....                   (no boots)
Stlth   ..........              y - amulet "Nuoshij" {RegenMP rC+ Str-2 Int+2 Slay+2}
HPRegen 0.24/turn               d - ring of protection from fire
MPRegen 0.56/turn               w - ring of poison resistance

@: heavily drained
A: walk on water
a: Renounce Religion, Smiting, Recall Orcish Followers, Give Item to Named
Follower


You were on level 1 of the Lair of Beasts.
You worshipped Beogh.
Beogh was extremely pleased with you.
You visited 2 branches of the dungeon, and saw 12 of its levels.

You collected 705 gold pieces.

Inventory:

Hand Weapons
 a - a +0 war axe
 A - a +0 club
 E - a +4 hand axe
 F - a +0 battleaxe
 G - a +1 war axe of electrocution
 O - a +2 war axe of electrocution (weapon)
 Q - a +3 broad axe of draining
Armour
 b - a +0 scale mail
 c - a +0 buckler (worn)
 i - a +1 pair of gloves (worn)
 m - a +0 helmet (worn)
 z - a +2 chain mail of cold resistance (worn)
Jewellery
 d - a ring of protection from fire (left hand)
 p - a ring of resist corrosion
 w - a ring of poison resistance (right hand)
 y - the amulet "Nuoshij" (around neck) {RegenMP rC+ Str-2 Int+2 Slay+2}
   (You took it off an orc wizard on level 6 of the Dungeon)

   [amulet of magic regeneration]

   It increases your rate of magic regeneration.
   Str:       It affects your strength (-2).
   Int:       It affects your intelligence (+2).
   Slay:      It affects your accuracy & damage with ranged weapons and melee
   (+2).
   rC:        It protects you from cold.
 S - a ring of wizardry
 U - a ring of ice
Wands
 n - a wand of charming (12)
 t - a wand of iceblast (4)
 B - a wand of polymorph (8)
 J - a wand of flame (8)
 K - a wand of paralysis (1)
 N - a wand of mindburst (8)
Scrolls
 g - 4 scrolls of vulnerability
 l - a scroll of torment {unknown}
 o - a scroll of magic mapping {unknown}
 q - a scroll of holy word
 s - 4 scrolls of teleportation
 x - 3 scrolls of enchant weapon
 C - a scroll of immolation {unknown}
 D - a scroll of enchant armour {unknown}
 H - a scroll of blinking {unknown}
 I - a scroll of acquirement {unknown}
 L - a scroll of noise {unknown}
 R - a scroll of summoning {unknown}
 T - a scroll of fear {unknown}
Potions
 e - 2 potions of mutation
 f - a potion of flight
 h - a potion of brilliance {unknown}
 j - a potion of resistance
 k - 4 potions of ambrosia
 r - a potion of experience
 u - 3 potions of degeneration
 v - 3 potions of heal wounds
 M - a potion of cancellation {unknown}
 P - a potion of berserk rage {unknown}


   Skills:
 - Level 7.0 Fighting
 - Level 16.7 Axes
 - Level 7.0 Armour
 - Level 7.1 Dodging
 - Level 3.2 Shields
 + Level 10.2 Invocations


You had 11 spell levels left.
You didn't know any spells.
Your spell library contained the following spells:

 Spells                   Type           Power      Damage    Failure   Level
 Apportation              Tloc           0%         N/A       98%         1
 Magic Dart               Conj           0%         1d3       98%         1
 Summon Small Mammal      Summ           0%         N/A       98%         1
 Call Imp                 Summ           0%         N/A       99%         2
 Ensorcelled Hibernation  Hex/Ice        0%         N/A       99%         2
 Passwall                 Tmut/Erth      0%         N/A       99%         2
 Scorch                   Fire           0%         2d5       99%         2
 Call Canine Familiar     Summ           0%         N/A       100%        3
 Mephitic Cloud           Conj/Pois/Air  0%         N/A       100%        3
 Summon Guardian Golem    Hex/Summ       0%         N/A       100%        3
 Swiftness                Air            0%         N/A       100%        3
 Flame Wave               Conj/Fire      0%         2d4       100%        4
 Iskenderun's Mystic Bla  Conj/Tloc      0%         2d3       100%        4
 Summon Ice Beast         Ice/Summ       0%         N/A       100%        4
 Summon Mana Viper        Hex/Summ       0%         N/A       100%        5
 Summon Cactus Giant      Summ           0%         N/A       100%        6
 Monstrous Menagerie      Summ           0%         N/A       100%        7


Dungeon Overview and Level Annotations

Branches:
Dungeon (11/15)            Temple (0/1) D:7            Lair (1/6) D:11
    Orc (0/2) D:11

Altars:
Ashenzari
Dithmenos
Elyvilon
Gozag
Makhleb
Okawaru
Ru
Trog
Uskayaw
Vehumet
Yredelemnul
Zin

Shops:
D:7 =

Annotations:
D:5 3 runed translucent doors, quokkamancerX's ghost, novice TeSu
Lair:1 Nergalle


Message History

Nergalle is lightly wounded.
You slash the spectral orc knight!
You barely miss the spectral orc knight.
The spectral orc knight closely misses you.
Something hits the bush!
The spectral orc knight hits you with a +3 battleaxe.
You feel drained.
Jorge hits the spectral orc knight but does no damage.
Jorge hits the spectral orc knight with a +1 battleaxe.
Jorge hits the bush with a +1 battleaxe! x2
Jorge hits Nergalle with a +1 battleaxe!!
Nergalle hits you but does no damage.
Ugbert hits the bush with a +1 glaive of pain!!
The bush writhes in agony.
Olfrun hits the fungus with a +0 whip!!
The spectral orc knight hits you with a +0 great sword!
You feel drained.
You closely miss Nergalle.
Nergalle is heavily wounded.
You completely miss the spectral orc knight.
You hit the spectral orc knight. x2
The spectral orc knight hits you with a +0 great mace!!
Something hits the bush!
The spectral orc knight hits you with a +3 battleaxe!
* * * LOW HITPOINT WARNING * * *
You feel drained.
* * * LOW HITPOINT WARNING * * *
Jorge hits the spectral orc knight but does no damage.
Jorge hits the spectral orc knight with a +1 battleaxe!!
Jorge hits the bush with a +1 battleaxe.
Jorge hits the bush with a +1 battleaxe!!
The bush is destroyed!
Jorge closely misses Nergalle.
You block the spectral orc knight's attack.
You block Nergalle's attack.
Ugbert no longer looks unusually strong.
The spectral orc knight hits you with a +3 battleaxe!!
* * * LOW HITPOINT WARNING * * *
You feel drained.
You die...
Beogh appreciates the spectral orc knight's killing of a heretic priest.

##.o.....................
#.......................
#........†..............
##..######..#............
#P..#.......#............
#...#....................
##..).......#...###P#.###
##..P..Z....#..######.###
#..ooP.Z@...#..##......o#
#..o#o.Z....#..##........
##....o.....# ####.####
#P............. #####.
##.[#........... ......
#...#.##.###... ......
#.......... ... ......
#........... .. ......
#........... ......


You could see Nergalle, 3 spectral orc knights, the friendly Jorge the orc
knight (strong), the friendly Margrim the orc knight (strong), the friendly
Olfrun the orc knight (strong) and the friendly Ugbert the orc knight.

Vanquished Creatures
  A two-headed ogre (D:9)
  Pikel (D:7)
  A manticore (D:11)
  Maurice (D:10)
  Maggie (Lair:1)
  A cane toad (Lair:1)
  An unseen horror (D:10)
  Psyche (D:10)
  A hornet (D:9)
  A yak (D:11)
  A wraith (D:10)
  3 wyverns
  A vampire (D:11)
  A steam dragon (D:10)
  Edmund (D:4)
  An acid dragon (D:9)
  2 water moccasins
  A black bear (D:3)
  3 sky beasts
  3 orc warriors
  An ogre (D:6)
  A hornet zombie (D:6)
  2 wolves (Lair:1)
  A necrophage (D:8)
  4 centaurs
  A lemure (D:7)
  4 phantoms
  2 bullfrogs
  A scorpion (D:5)
  3 killer bees (D:5)
  14 wights
  4 electric eels
  2 howler monkeys (D:9)
  3 centaur zombies
  A jelly (D:5)
  3 bullfrog zombies (D:5)
  4 hounds
  2 bullfrog skeletons
  Crazy Yiuf (D:7)
  5 orc priests
  2 centaur skeletons (D:5)
  3 iron imps (D:3)
  An iguana (D:5)
  3 orc wizards
  A hound skeleton (D:5)
  Robin (D:2)
  4 gnolls
  2 howler monkey skeletons (D:6)
  4 adders
  A shadow imp (D:6)
  A white imp (D:5)
  An ufetubus (D:4)
  3 worms
  5 dart slugs
  19 orcs
  6 ball pythons
  2 endoplasms
  12 giant cockroaches (D:3)
  13 goblins
  13 hobgoblins
  2 jackals (D:1)
  11 kobolds
  4 quokkas
  4 bats
  3 frilled lizards
  A goblin skeleton (D:11)
  A hobgoblin zombie (D:11)
  2 orc zombies (D:11)
  3 rats (D:2)
214 creatures vanquished.

Vanquished Creatures (collateral kills)
  3 two-headed ogres
  A tengu warrior (D:9)
  Joseph (D:7)
  2 centaur zombies (D:11)
  An unseen horror (D:10)
  A tengu conjurer (D:8)
  A komodo dragon (Lair:1)
  A troll (D:9)
  2 shadows (D:11)
  2 wyverns (D:11)
  3 yaks (D:11)
  A basilisk (D:11)
  A steam dragon (D:8)
  Grum (Lair:1)
  3 vampire mosquitoes (D:11)
  A two-headed ogre zombie (D:11)
  Menkaure (D:7)
  2 acid dragons
  2 water moccasins (D:11)
  A sky beast (D:7)
  3 orc warriors
  A wolf (Lair:1)
  A phantom (D:11)
  2 kobold brigands (D:7)
  2 bullfrogs
  3 troll zombies (D:11)
  A howler monkey (D:9)
  2 wights (D:10)
  4 orc priests
  An iguana (D:11)
  4 ogre zombies (D:11)
  4 orcs
  A goblin zombie (D:11)
  A hobgoblin skeleton (D:11)
  4 hobgoblin zombies (D:11)
  7 kobolds (D:7)
  3 orc skeletons (D:11)
  12 orc zombies (D:11)
  A bush (Lair:1)
88 creatures vanquished.

Vanquished Creatures (others)
  An orc warrior (D:9)
  4 orc priests
  An orc wizard (D:11)
  13 orcs
  A goblin (D:2)
  5 fungi
  21 plants
46 creatures vanquished.

Grand Total: 348 creatures vanquished

Notes
Turn   | Place    | Note
-------+----------+-------------------------------------------
     0 | D:1      | MiltankisOP the Hill Orc Fighter began the quest for the
                  | Orb.
     0 | D:1      | Reached XP level 1. HP: 19/19 MP: 1/1
    39 | D:1      | Reached skill level 3 in Axes
   147 | D:1      | Reached XP level 2. HP: 27/27 MP: 2/2
   331 | D:1      | Found a faded altar of an unknown god.
   582 | D:2      | Reached XP level 3. HP: 34/34 MP: 3/3
   597 | D:2      | Noticed Robin
   612 | D:2      | Reached skill level 4 in Axes
   801 | D:2      | Killed Robin
   853 | D:2      | Became a worshipper of Beogh the Brigand
   856 | D:2      | Reached XP level 4. HP: 39/41 MP: 4/4
   921 | D:2      | Reached skill level 5 in Fighting
   932 | D:2      | Got the Tome of the Voyage
  1334 | D:3      | Noticed a black bear
  1343 | D:3      | Killed a black bear
  1344 | D:3      | Reached skill level 5 in Axes
  1344 | D:3      | Reached XP level 5. HP: 41/50 MP: 5/5
  1715 | D:3      | Reached * piety under Beogh
  1772 | D:3      | Found a burning altar of Makhleb.
  1805 | D:3      | Reached skill level 6 in Axes
  1805 | D:3      | Reached XP level 6. HP: 55/57 MP: 6/6
  2457 | D:4      | Noticed a +0 spear
  2751 | D:4      | Noticed a +0 short sword
  2751 | D:4      | Noticed a +0 dagger
  2751 | D:4      | Noticed a +0 spear
  2752 | D:4      | Noticed a +0 falchion
  2752 | D:4      | Noticed a +0 falchion
  2752 | D:4      | Noticed a +0 dagger
  2754 | D:4      | Noticed a +0 short sword
  2764 | D:4      | Found a hide-covered altar of Uskayaw.
  2793 | D:4      | Found a bloodstained altar of Trog.
  3079 | D:4      | Noticed Edmund
  3109 | D:4      | Killed Edmund
  3110 | D:4      | Reached skill level 7 in Axes
  3110 | D:4      | Reached skill level 1 in Dodging
  3110 | D:4      | Reached XP level 7. HP: 21/66 MP: 7/7
  3367 | D:4      | Found an opulent altar of Gozag.
  3789 | D:5      | Entered Level 5 of the Dungeon
  3804 | D:5      | Reached ** piety under Beogh
  3909 | D:5      | Found an iron altar of Okawaru.
  4208 | D:5      | Reached skill level 5 in Armour
  4222 | D:5      | Reached XP level 8. HP: 51/73 MP: 8/8
  4851 | D:5      | Noticed a wyvern
  4868 | D:5      | Killed a wyvern
  5063 | D:5      | Found a shadowy altar of Dithmenos.
  5064 | D:5      | Found a sacrificial altar of Ru.
  5095 | D:5      | Found a white marble altar of Elyvilon.
  5172 | D:5      | Found a runed translucent gate.
  5172 | D:5      | Found a runed translucent gate.
  5172 | D:5      | Found a runed translucent gate.
  5172 | D:5      | Noticed quokkamancerX's ghost (novice TeSu)
  5175 | D:5      | Found a basalt altar of Yredelemnul.
  5768 | D:6      | Reached skill level 5 in Dodging
  5892 | D:6      | Reached XP level 9. HP: 70/79 MP: 9/9
  6089 | D:6      | Identified the amulet "Nuoshij" {RegenMP rC+ Str-2 Int+2
                  | Slay+2}
  6441 | D:6      | Reached *** piety under Beogh
  6995 | D:7      | Found a staircase to the Ecumenical Temple.
  7069 | D:7      | Noticed Menkaure
  7074 | D:7      | Killed Menkaure
  7294 | D:7      | Found a runed translucent door.
  7295 | D:7      | Noticed Crazy Yiuf
  7328 | D:7      | Killed Crazy Yiuf
  7576 | D:7      | Found Niblesayc's Jewellery Emporium.
  7599 | D:7      | Noticed Pikel
  7620 | D:7      | Killed Pikel
  7621 | D:7      | Reached skill level 9 in Axes
  7779 | D:7      | Noticed Joseph
  7783 | D:7      | Reached skill level 10 in Axes
  7788 | D:7      | Killed Joseph
  7789 | D:7      | Reached XP level 10. HP: 77/86 MP: 10/10
  8261 | D:8      | Reached skill level 11 in Axes
  8347 | D:8      | Found a broken altar of Ashenzari.
  8771 | D:8      | Reached **** piety under Beogh
  8777 | D:8      | Reached skill level 12 in Axes
  9313 | D:8      | Found a radiant altar of Vehumet.
  9558 | D:9      | Noticed a tengu warrior
  9710 | D:9      | Killed a tengu warrior
  9711 | D:9      | Reached skill level 13 in Axes
  9756 | D:9      | Gained Jorge as an ally
 10218 | D:9      | Reached skill level 14 in Axes
 10567 | D:9      | Noticed a two-headed ogre
 10575 | D:9      | Killed a two-headed ogre
 10576 | D:9      | Reached skill level 15 in Axes
 10775 | D:10     | Entered Level 10 of the Dungeon
 10854 | D:10     | Reached XP level 11. HP: 90/92 MP: 11/11
 11064 | D:10     | Noticed a two-headed ogre
 11069 | D:10     | Killed a two-headed ogre
 11070 | D:10     | Reached skill level 16 in Axes
 11086 | D:10     | Noticed Maurice
 11099 | D:10     | Killed Maurice
 11388 | D:10     | Found a glowing silver altar of Zin.
 12112 | D:10     | Noticed Psyche
 12125 | D:10     | Killed Psyche
 12553 | D:11     | Noticed a two-headed ogre
 12560 | D:11     | Killed a two-headed ogre
 12696 | D:11     | Noticed a two-headed ogre
 12700 | D:11     | Gained Ugbert as an ally
 12705 | D:11     | Killed a two-headed ogre
 12706 | D:11     | Reached skill level 5 in Invocations
 12711 | D:11     | Found a staircase to the Lair.
 12776 | D:11     | Reached ***** piety under Beogh
 12779 | D:11     | Found a staircase to the Orcish Mines.
 12784 | D:11     | Gained Olfrun as an ally
 12795 | D:11     | Gained Margrim as an ally
 13281 | D:11     | Noticed a manticore
 13339 | D:11     | Killed a manticore
 13557 | Lair:1   | Entered Level 1 of the Lair of Beasts
 13563 | Lair:1   | Noticed Maggie
 13574 | Lair:1   | Killed Maggie
 13640 | Lair:1   | Noticed Grum
 13649 | Lair:1   | Killed Grum
 13877 | Lair:1   | Reached skill level 10 in Invocations
 13877 | Lair:1   | Reached XP level 12. HP: 82/100 MP: 19/19
 14128 | Lair:1   | Noticed Nergalle
 14143 | Lair:1   | HP: 2/89 [spectral orc knight/+3 battleaxe[Nergalle] (21)]
 14143 | Lair:1   | Slain by a spectral orc knight

Illustrated notes

Levels and vault maps discovered:
D:1:      amcnicky_arrival_abandoned_market, layout_rooms,
          hellmonk_ecumenical_altar_leap_of_faith
D:2:      layout_rooms, uniq_robin
D:3:      minmay_roachtagon, layout_basic, demons_altar, serial_rivers,
          chequers_serial_rivers_room_a, chequers_serial_rivers_micro_b,
          chequers_serial_rivers_large_a, chequers_serial_rivers_room_a
D:4:      layout_basic, nicolae_gozag_seed_capital, lemuel_crystal_altar,
          nicolae_uskayaw_en_pointe, grunt_decor_arrowhead, uniq_edmund
D:5:      layout_rooms, mainiacjoe_overflow_cross_hatched,
          nicolae_yredelemnul_ghost_church, mainiacjoe_overflow_alcove_2,
          gammafunk_temple_overflow_pools, chequers_mini_garden, minivault_14
D:6:      layout_loops_cross, corner_web_ring, chequers_serial_rivers_micro_a,
          serial_bayou_pond_d, lightli_minifort
D:7:      layout_basic, minmay_temple_entry_glass, serial_shops, shop,
          minivault_25, chequers_serial_rivers_micro_c, uniq_menkaure,
          uniq_crazy_yiuf_cottage, uniq_joseph, uniq_pikel
D:8:      layout_basic, mainiacjoe_overflow_alcove_1,
          mainiacjoe_overflow_concentric_impassable
D:9:      layout_basic
D:10:     layout_basic, mainiacjoe_overflow_boulevard, minmay_misc_feat_hallway,
          uniq_psyche, uniq_maurice
D:11:     layout_basic, minmay_lair_entry_grove, zombieorc2_lemuel,
          kennysheep_windowed_goal
Lair:1:   layout_regular_city, uniq_grum, uniq_maggie, uniq_nergalle

Skill      XL: |  1  2  3  4  5  6  7  8  9 10 11 |
---------------+----------------------------------+-----
Axes           | 3 4 5 6 7 10 15 16 | 16.7
Fighting       | 4 5 6 7 |  7.0
Dodging        | 1 2 5 7 |  7.1
Armour         | 5 7 |  7.0
Invocations    | 10 | 10.2
Shields        | |  3.2

Action                   |  1- 3 |  4- 6 |  7- 9 | 10-12 || total
-------------------------+-------+-------+-------+-------++-------
Melee: War axe           |    80 |   175 |   332 |   229 ||   816
       Hand axe          |       |       |       |    31 ||    31
Invok: Convert to Beogh  |     1 |       |       |       ||     1
       Recall Orcish Fol |       |       |       |     4 ||     4
       Smiting           |       |       |       |     5 ||     5
       Stop Recall       |       |       |       |     1 ||     1
Evoke: Wand              |       |       |     1 |     1 ||     2
  Use: Potion            |       |     1 |     2 |       ||     3
       Scroll            |       |     2 |       |    11 ||    13
 Stab: Distracted        |       |       |     3 |       ||     3
       Paralysed         |       |       |       |     1 ||     1
Armor: Scale mail        |    39 |    82 |    78 |       ||   199
       Skin              |       |       |    35 |       ||    35
       Chain mail        |       |       |    86 |   154 ||   240
Dodge: Dodged            |    46 |    72 |   144 |   100 ||   362
Block: Buckler           |    19 |    29 |    72 |    41 ||   161
